 Dungeon Crawl Stone Soup version 0.19.4 (webtiles) character file.

98 volk64 the Chopper (level 4, -2/40 HPs)
             Began as a Draconian Berserker on Feb 3, 2017.
             Was a Believer of Trog.
             Slain by Paps's ghost (6 damage)
             ... on level 3 of the Dungeon.
             The game lasted 00:06:13 (1852 turns).

volk64 the Chopper (Draconian Berserker)            Turns: 1852, Time: 00:06:14

Health: -2/40      AC:  8    Str: 17 (20) XL:     4   Next: 43%
Magic:  4/4        EV: 13    Int:  5 (8)  God:    Trog [**....]
Gold:   96         SH:  0    Dex:  9 (10) Spells: 0 memorised, 3 levels left

rFire  . . .     SeeInvis .     e - +0 war axe
rCold  . . .     Gourm    .     (armour unavailable)
rNeg   . . .     Faith    .     (no shield)
rPois  .         Spirit   .     (helmet restricted)
rElec  .         Reflect  .     (no cloak)
rCorr  .         Harm     .     f - +2 pair of gloves
MR     .....                    (no boots)
Stlth  +.........               (no amulet)
                                (no ring)
                                (no ring)

@: no status effects
A: unfitting armour, cold-blooded, AC +5
a: Berserk, Trog's Hand, Burn Spellbooks, Renounce Religion


You were on level 3 of the Dungeon.
You worshipped Trog.
Trog was pleased with you.
You were hungry.

You visited 1 branch of the dungeon, and saw 3 of its levels.

You collected 96 gold pieces.

Inventory:

Hand Weapons
 a - a +0 hand axe
 e - a +0 war axe (weapon)
Armour
 f - a +2 pair of gloves (worn)
Scrolls
 d - a scroll of remove curse {unknown}
 i - 2 scrolls of teleportation {unknown}
 m - a scroll of enchant armour
Potions
 c - a potion of agility
 g - a potion of resistance
 j - a potion of heal wounds
 k - a potion of magic
Comestibles
 b - 4 bread rations
 h - 2 chunks of flesh


   Skills:
 + Level 3.9 Fighting
 + Level 4.1 Axes
 + Level 3.2 Dodging
 + Level 1.3 Stealth


You had 3 spell levels left.
You didn't know any spells.

Dungeon Overview and Level Annotations

Branches:
Dungeon (3/15)

Altars:

Annotations:
D:3 Paps's ghost, amateur GrAs


Innate Abilities, Weirdness & Mutations

Your plain brown scales are hard. (AC +5)
You cannot fit into any form of body armour.
You are cold-blooded and may be slowed by cold attacks.


Message History

Paps's ghost is heavily damaged.
Paps's ghost ripples.
Paps's ghost misses you.
Paps's ghost hits you but does no damage.
You closely miss Paps's ghost.
You tail-slap Paps's ghost, but do no damage.
Paps's ghost is heavily damaged.
Paps's ghost closely misses you.
You barely miss Paps's ghost.
Paps's ghost is heavily damaged.
Paps's ghost hits you.
* * * LOW HITPOINT WARNING * * *
You closely miss Paps's ghost.
Paps's ghost is heavily damaged.
Paps's ghost hits you.
* * * LOW HITPOINT WARNING * * *
You hit Paps's ghost.
Paps's ghost is severely damaged.
Paps's ghost hits you.
You die...

#.# #....# ##
#.#
#....#######.###
#.#
#...............
#...)>.......#
##............#
#..........)..#
#............##
#............#
#.####.....@.#
#. #.....W.# #.
#.......# #.
#.......#
.........#
.........#
.........#
.........#


You could see Paps's ghost.

Vanquished Creatures
  4 adders (D:2)
  3 oozes
  A worm (D:3)
  2 dart slugs (D:1)
  A leopard gecko (D:1)
  4 giant cockroaches
  5 goblins
  3 hobgoblins
  2 jackals (D:2)
  5 kobolds
  2 quokkas (D:2)
  2 bats (D:2)
  5 frilled lizards
  4 rats (D:1)
43 creatures vanquished.

Notes
Turn   | Place    | Note
-------+----------+-------------------------------------------
     0 | D:1      | volk64 the Draconian Berserker began the quest for the Orb.
     0 | D:1      | Reached XP level 1. HP: 19/19 MP: 1/1
   227 | D:1      | Reached XP level 2. HP: 25/26 MP: 2/2
   533 | D:1      | Reached XP level 3. HP: 32/33 MP: 3/3
  1197 | D:2      | Reached XP level 4. HP: 36/40 MP: 4/4
  1215 | D:2      | Reached skill level 4 in Axes
  1215 | D:2      | Reached skill level 1 in Stealth
  1267 | D:2      | Reached ** piety under Trog
  1827 | D:3      | Noticed Paps's ghost (amateur GrAs)
  1852 | D:3      | Slain by Paps's ghost

Skill      XL: |  1  2  3  4 |
---------------+-------------+-----
Dodging        | 3 |  3.2
Axes           | 4 |  4.1
Stealth        | 1 |  1.3
Fighting       | |  3.9

Action                   |  1- 3 |  4- 6 || total
-------------------------+-------+-------++-------
Melee: Hand axe          |   105 |       ||   105
       Tailslap          |    11 |     3 ||    14
       War axe           |       |    60 ||    60
  Use: Potion            |     1 |     6 ||     7
       Scroll            |     4 |       ||     4
 Stab: Sleeping          |     2 |     1 ||     3
       Invisible         |       |     1 ||     1
  Eat: Chunk             |     1 |     2 ||     3
Armor: Skin              |    37 |    23 ||    60
Dodge: Dodged            |    68 |    30 ||    98
